 Dungeon Crawl Stone Soup version 0.31.0-11-ge490571c62 (webtiles) character file.

Game seed: 18337124298049419578

100 qw the Shooter (level 4, -1/22 HPs)
             Began as a Spriggan Hunter on Feb 4, 2024.
             Slain by Ijyb
             ... wielding a +3 dagger of speed
              (6 damage)
             ... on level 3 of the Dungeon.
             The game lasted 00:00:06 (1210 turns).

qw the Shooter (Spriggan Hunter)                    Turns: 1210, Time: 00:00:06

Health: -1/22      AC:  0    Str:  7    XL:     4   Next: 47%
Magic:  5/5        EV: 17    Int: 10    God:
Gold:   117        SH:  0    Dex: 20    Spells: 3/3 levels left

rFire   . . .        a - melded +0 shortbow
rCold   . . .        (shield currently unavailable)
rNeg    . . .        c - melded +0 robe
rPois   .            (helmet currently unavailable)
rElec   .            (cloak currently unavailable)
rCorr   .            (gloves unavailable)
SInv    +            (boots unavailable)
Will    .....        (no amulet)
Stlth   ++           (ring currently unavailable)
HPRegen 0.23/turn    (ring currently unavailable)
MPRegen 0.09/turn

%: no passive effects
@: pig-form, very quick
A: fast, no casting, small, no large weapons, unfitting armour, see invisible,
(speed 3)
a: no special abilities


You were on level 3 of the Dungeon.
You were a filthy swine.
You visited 1 branch of the dungeon, and saw 3 of its levels.

You collected 117 gold pieces.


Innate Abilities, Weirdness & Mutations

You are a filthy swine.
You move quickly.
Your equipment is almost entirely melded.
You are incapable of wielding weapons or throwing items.
You cannot cast spells.
You are very small and have problems with some larger weapons.
You are too small for most types of armour.
You have supernaturally acute eyesight. (SInv)
((You cover ground extremely quickly. (Speed+++)))


   Skills:
 - Level 1.5 Fighting
 - Level 5.0 Ranged Weapons
 + Level 4.9 Dodging
 - Level 1.5 Stealth


You had 3 spell levels left.
You didn't know any spells.
Your spell library was empty.

Inventory:

Hand Weapons
 a - a +0 shortbow (melded)
Armour
 c - a +0 robe (melded)
Scrolls
 f - a scroll of identify
 g - a scroll of amnesia {unknown}
Potions
 b - a potion of cancellation {unknown}
 d - a potion of might
 e - 2 potions of heal wounds {unknown}

Dungeon Overview and Level Annotations

Branches:
Dungeon (2/15)

Altars:

Annotations:
D:3 Ijyb


Message History

Ijyb screams, "I cut your head off!"
You shoot an arrow. The arrow hits Ijyb.
Ijyb is moderately wounded.
Ijyb barely misses you.
You shoot an arrow. The arrow hits Ijyb.
Ijyb is moderately wounded.
Ijyb completely misses you.
Ijyb zaps a wand.
You easily resist.
You shoot an arrow. The arrow barely misses Ijyb.
Ijyb hits you with a +3 dagger of speed.
You shoot an arrow. The arrow misses Ijyb.
Ijyb zaps a wand.
You turn into a filthy swine.
Your +0 shortbow melds into your body.
Your +0 robe melds into your body.
1205 ||| FLEEEEING to unexplored (badform).
You hit Ijyb but do no damage.
Ijyb is moderately wounded.
Ijyb closely misses you.
Ijyb screams, "Me very upset!"
Ijyb closely misses you.
1206 ||| FLEEEEING to unexplored (badform).
You hit Ijyb but do no damage.
Ijyb is moderately wounded.
Ijyb barely misses you.
1207 ||| FLEEEEING to unexplored (badform).
You closely miss Ijyb.
Ijyb is moderately wounded.
Ijyb hits you with a +3 dagger of speed.
1208 ||| FLEEEEING to unexplored (badform).
You hit Ijyb but do no damage.
Ijyb is moderately wounded.
Ijyb hits you with a +3 dagger of speed!
Ijyb hits you with a +3 dagger of speed.
1209 ||| FLEEEEING to unexplored (badform).
You hit Ijyb but do no damage.
Ijyb is moderately wounded.
Ijyb barely misses you.
1210 ||| FLEEEEING to unexplored (badform).
You hit Ijyb.
Ijyb is moderately wounded.
Ijyb hits you with a +3 dagger of speed.
You die...

#. #.# #.#
####.#+######
#...........#
...######...........#
......g.#...........#
#h#...........#
#.####.#'########
#####'####.#.........
#..........#.........
#..........#.########
#.....%..............
#.........##.#########
#..........#.#........
##.........#.#.#######


You could see Ijyb.

Vanquished Creatures
  4 gnolls (D:2)
  An adder (D:2)
  3 dart slugs (D:1)
  A ribbon worm (D:2)
  3 ball pythons
  3 endoplasms (D:1)
  7 goblins
  7 hobgoblins
  4 kobolds (D:1)
  A quokka (D:2)
  3 bats
  A frilled lizard (D:1)
  7 rats
45 creatures vanquished.

Notes
Turn   | Place    | Note
-------+----------+-------------------------------------------
     0 | D:1      | qw the Spriggan Hunter began the quest for the Orb.
     0 | D:1      | Reached XP level 1. HP: 10/10 MP: 2/2
     0 | D:1      | 0 ||| qw: Version: 0.3-a-160-g6735b56
     0 | D:1      | 0 ||| qw: Game counter: 5142
     0 | D:1      | 0 ||| qw: Melee chars always use a shield: true
     0 | D:1      | 0 ||| qw: God list: Okawaru
     0 | D:1      | 0 ||| qw: Allow faded altars: false
     0 | D:1      | 0 ||| qw: Do Orc after clearing Dungeon:15 true
     0 | D:1      | 0 ||| qw: Do second Lair branch before Depths: true
     0 | D:1      | 0 ||| qw: Lair rune preference: random
     0 | D:1      | 0 ||| qw: Goals: Normal
     0 | D:1      | 0 ||| PLANNING D:1-11
    22 | D:1      | Reached skill level 3 in Dodging
    95 | D:1      | Reached XP level 2. HP: 14/14 MP: 3/3
   276 | D:1      | 276 ||| DRINKING 2 sedimented clear potions.
   398 | D:1      | 398 ||| DROPPING scroll of butterflies.
   399 | D:1      | 399 ||| DROPPING potion of berserk rage.
   434 | D:1      | Reached XP level 3. HP: 18/18 MP: 4/4
   448 | D:1      | Found a faded altar of an unknown god.
   716 | D:1      | 716 ||| READING scroll labelled LUZXOU TOGIXE.
   716 | D:1      | 716 ||| IDENTIFYING cyan potion
   900 | D:2      | 900 ||| RETREEEEATING.
   902 | D:2      | 902 ||| RETREEEEATING.
   904 | D:2      | 904 ||| RETREEEEATING.
   906 | D:2      | 906 ||| RETREEEEATING.
   911 | D:2      | Reached skill level 5 in Ranged Weapons
   916 | D:2      | Reached XP level 4. HP: 12/22 MP: 5/5
   920 | D:2      | HP: 2/22 [gnoll/+0 spear (10)]
  1127 | D:2      | You fall into a shaft and drop 1 floor!
  1199 | D:3      | Noticed Ijyb
  1205 | D:3      | 1205 ||| FLEEEEING to unexplored (badform).
  1206 | D:3      | 1206 ||| FLEEEEING to unexplored (badform).
  1207 | D:3      | 1207 ||| FLEEEEING to unexplored (badform).
  1208 | D:3      | 1208 ||| FLEEEEING to unexplored (badform).
  1208 | D:3      | HP: 5/22 [Ijyb/+3 dagger of speed (4)]
  1209 | D:3      | 1209 ||| FLEEEEING to unexplored (badform).
  1210 | D:3      | 1210 ||| FLEEEEING to unexplored (badform).
  1210 | D:3      | Slain by Ijyb

Levels and vault maps discovered:
D:1:      sevenhm_arrival_forest_fort_large_4, layout_rooms,
          shapermc_ecumenical_altar_notcrosses, minmay_misc_feat_alley,
          chequers_jeans, hangedman_glass_teeth, dreamdust_princess_bridge,
          minmay_distorted
D:2:      layout_loops_ring, columned_hall_lemuel, nrook_loot_triangle,
          patterned_corridor
D:3:      layout_basic, uniq_terence, uniq_jessica, uniq_ijyb

Skill      XL: |  1  2  3 |
---------------+----------+-----
Dodging        | 3 4 |  4.9
Ranged Weapons | 5 |  5.0
Fighting       | |  1.5
Stealth        | |  1.5

Action                     |  1- 3 |  4- 6 || total
---------------------------+-------+-------++-------
  Melee: Unarmed           |       |     6 ||     6
   Fire: Shortbow          |    89 |    30 ||   119
    Use: Potion            |     1 |       ||     1
         Scroll            |     1 |       ||     1
 Armour: Robe              |    12 |     6 ||    18
         Skin              |       |     4 ||     4
  Dodge: Dodged            |    27 |    22 ||    49

Table legend:
 A = Non-vault XP
 B = Vault XP
 C = Vault XP percentage of total XP
 D = Non-vault monster count
 E = Vault monster count
 F = Vault count percentage of total count
                 A         B        C        D         E       F
            +---------+---------+-------+---------+---------+-------
      Total |     141 |       3 |   2.1 |      43 |       2 |   4.4
            +---------+---------+-------+---------+---------+-------
        D:1 |      55 |       3 |   5.2 |      30 |       2 |   6.2
        D:2 |      82 |       0 |   0.0 |      10 |       0 |   0.0
        D:3 |       4 |       0 |   0.0 |       3 |       0 |   0.0
            +---------+---------+-------+---------+---------+-------
